 Dungeon Crawl Stone Soup version 0.21-a0-529-g8c7b3f5 (webtiles) character file.

1157 Grant the Changer (level 8, -1/64 HPs)
             Began as a Naga Transmuter on Dec 9, 2017.
             Was a Follower of Cheibriados.
             Killed from afar by an orc wizard (3 damage)
             ... with a puff of flame
             ... on level 6 of the Dungeon.
             The game lasted 00:13:01 (7502 turns).

Grant the Changer (Naga Transmuter)                 Turns: 7502, Time: 00:13:02

Health: -1/64      AC:  4    Str: 14    XL:     8   Next: 39%
Magic:  11/11      EV: 10    Int: 18    God:    Cheibriados [*.....]
Gold:   241        SH:  7    Dex: 14    Spells: 3/11 levels left

rFire    . . .     SeeInvis +   v - +2 short sword (elec)
rCold    . . .     Gourm    .   m - +2 buckler {rPois}
rNeg     + . .     Faith    .   b - +0 robe
rPois    +         Spirit   .   x - +0 helmet
rElec    .         Reflect  .   (no cloak)
rCorr    .         Harm     .   (no gloves)
MR       +....                  (no barding)
Stlth    +.........             (no amulet)
HPRegen  0.20/turn              p - ring of positive energy
MPRegen  0.12/turn              (no ring)

@: very slow
A: large, see invisible, deformed body, poison resistance, slowness 2, slow
metabolism 1, spit poison 1, AC +2
a: Spit Poison, Bend Time, Renounce Religion


You were on level 6 of the Dungeon.
You worshipped Cheibriados.
Cheibriados was aware of your devotion.
You were not hungry.

You visited 2 branches of the dungeon, and saw 7 of its levels.
You also visited: Ossuary.

You collected 241 gold pieces.

Inventory:

Hand Weapons
 v - a +2 short sword of electrocution (weapon)
Missiles
 a - 110 arrows
Armour
 b - a +0 robe (worn)
 m - a +2 buckler of poison resistance (worn)
 x - a +0 helmet (worn)
 B - a +2 leather armour of magic resistance
 D - +0 acid dragon scales
Magical Staves
 i - an uncursed staff of cold
Jewellery
 p - a ring of positive energy (left hand)
Wands
 y - a wand of flame (3)
 E - a wand of paralysis (3)
Scrolls
 e - 13 scrolls of identify
 f - 2 scrolls of magic mapping {unknown}
 h - 3 scrolls of amnesia {unknown}
 k - a scroll of fear {unknown}
 l - 2 scrolls of teleportation {unknown}
 o - a scroll of enchant armour {unknown}
 q - a scroll of fog {unknown}
 s - a scroll of noise {unknown}
 t - a scroll of enchant weapon {unknown}
 z - a scroll of blinking {unknown}
 A - 4 scrolls of remove curse {unknown}
 J - a scroll of random uselessness {unknown}
Potions
 g - a potion of flight
 n - a potion of agility {unknown}
 u - a potion of lignification
 w - a potion of mutation {unknown}
 C - a potion of magic {unknown}
 I - a potion of berserk rage {unknown}
Books
 c - a book of Changes

   Spells                             Type                      Level
   a - Beastly Appendage              Transmutation                1
   b - Sticks to Snakes               Transmutation                2
   c - Spider Form                    Transmutation/Poison         3
   d - Ice Form                       Ice/Transmutation            4
   e - Blade Hands                    Transmutation                5
 G - a book of Maledictions

   Spells                             Type                      Level
   a - Corona                         Hexes                        1
   b - Ensorcelled Hibernation        Hexes/Ice                    2
   c - Confuse                        Hexes                        3
   d - Tukima's Dance                 Hexes                        3
   e - Dazzling Spray                 Conjuration/Hexes            3
Comestibles
 d - 4 bread rations
 j - 2 meat rations
 r - a royal jelly
 F - a fruit
 H - 3 chunks of flesh


   Skills:
 - Level 1.0 Fighting
 - Level 1.5 Dodging
 + Level 4.9 Shields
 - Level 3.0 Unarmed Combat
 - Level 2.0 Spellcasting
 + Level 7.8 Transmutations


You had 3 spell levels left.
You knew the following spells:

 Your Spells              Type           Power        Failure   Level  Hunger
a - Beastly Appendage     Tmut           ####..       1%          1    #......
b - Sticks to Snakes      Tmut           ####....     1%          2    ###....
c - Blade Hands           Tmut           ####......   21%         5    ######.


Dungeon Overview and Level Annotations

Branches:
Dungeon (6/15)             Temple (1/1) D:4

Altars:
Cheibriados
Dithmenos
Elyvilon
Fedhas
Hepliaklqana
Okawaru
Qazlal
Ru
Sif Muna
Trog
Uskayaw
Vehumet
Yredelemnul
Zin
The Shining One

Annotations:
D:3 Morgoth's ghost, novice HuWz


Innate Abilities, Weirdness & Mutations

You cannot wear boots.
Your serpentine skin is tough. (AC +2)
You have supernaturally acute eyesight. (SInv)
Armour fits poorly on your strangely shaped body.
Your system is resistant to poisons. (rPois)
You cover ground very slowly.
You have a slow metabolism.
You can spit poison.


Message History

The orc wizard is almost dead.
The orc wizard hits you with a dagger.
You miss the orc wizard.
The orc wizard is almost dead.
The orc wizard points at you and mumbles some strange words.
The puff of flame hits you!
* * * LOW HITPOINT WARNING * * *
The orc wizard gestures at you while chanting.
The puff of frost hits you!
* * * LOW HITPOINT WARNING * * *
You closely miss the orc wizard.
The orc wizard is almost dead.
The orc wizard hits you with a dagger.
* * * LOW HITPOINT WARNING * * *
The orc wizard closely misses you.
You hit the orc wizard but do no damage.
The orc wizard is almost dead.
The orc wizard casts a spell at you. The puff of flame hits you!
You die...

#.#
#.#
#.#
#.#
#.#
#o#
#o#
#@#
#)#
#.#
#<#
#.#
###


You could see an orc wizard and an orc.

Vanquished Creatures
  A necrophage (D:5)
  A centaur (D:5)
  An elf zombie (Ossuary)
  A bullfrog (D:6)
  A scorpion (D:4)
  2 howler monkeys
  2 crimson imps (D:5)
  An orc priest (D:5)
  A bullfrog skeleton (D:5)
  Jessica (D:3)
  Terence (D:2)
  4 worker ants
  Natasha (thrice) (D:3)
  2 orc wizards (D:4)
  A big kobold zombie (Ossuary)
  4 mummies (Ossuary)
  Robin (D:3)
  4 adders
  4 gnolls (D:4)
  A shadow imp (D:4)
  An ooze (D:1)
  3 adder zombies (Ossuary)
  2 adder skeletons (D:4)
  7 worms
  A dart slug (D:2)
  5 leopard geckos
  19 orcs
  3 bats
  2 giant cockroaches
  18 goblins
  12 hobgoblins
  8 kobolds
  2 quokkas
  6 ball pythons
  2 frilled lizards (D:3)
  A giant cockroach zombie (D:5)
  A gnoll zombie (Ossuary)
  A jackal skeleton (D:5)
  A jackal zombie (Ossuary)
  A quokka skeleton (D:5)
  8 rats
  A rat zombie (Ossuary)
142 creatures vanquished.

Vanquished Creatures (collateral kills)
  A human zombie (Ossuary)
  A gnoll zombie (Ossuary)
  A goblin zombie (Ossuary)
  A jackal zombie (Ossuary)
4 creatures vanquished.

Grand Total: 146 creatures vanquished

Notes
Turn   | Place    | Note
-------+----------+-------------------------------------------
     0 | D:1      | Grant the Naga Transmuter began the quest for the Orb.
     0 | D:1      | Reached XP level 1. HP: 18/18 MP: 3/3
   181 | D:1      | Reached XP level 2. HP: 6/25 MP: 5/5
   183 | D:1      | HP: 1/25 [ball python (2)]
   530 | D:1      | Reached skill level 3 in Transmutations
  1265 | D:1      | Reached XP level 3. HP: 27/31 MP: 6/6
  1639 | D:2      | Found a bloodstained altar of Trog.
  2332 | D:2      | Reached skill level 4 in Transmutations
  2959 | D:2      | Reached XP level 4. HP: 37/38 MP: 7/7
  2960 | D:2      | Noticed Terence
  2972 | D:2      | Killed Terence
  2977 | D:2      | Learned a level 2 spell: Sticks to Snakes
  3500 | D:3      | Noticed Robin
  3513 | D:3      | Killed Robin
  3513 | D:3      | Reached XP level 5. HP: 27/44 MP: 8/8
  3703 | D:3      | Reached skill level 1 in Shields
  3703 | D:3      | Reached skill level 5 in Transmutations
  4132 | D:3      | Noticed Natasha
  4139 | D:3      | Killed Natasha
  4449 | D:3      | Noticed Morgoth's ghost (novice HuWz)
  4461 | D:3      | Found a faded altar of an unknown god.
  4531 | D:3      | Noticed Jessica
  4537 | D:3      | Killed Jessica
  4645 | D:3      | Noticed Natasha
  4649 | D:3      | Killed Natasha
  4649 | D:3      | Reached XP level 6. HP: 41/51 MP: 9/9
  4944 | D:3      | Noticed Natasha
  4948 | D:3      | Killed Natasha
  5123 | D:4      | Found a staircase to the Ecumenical Temple.
  5190 | D:4      | Found a sand-covered staircase.
  5200 | Ossuary  | Entered an ossuary
  5228 | Ossuary  | Reached skill level 6 in Transmutations
  5605 | Ossuary  | Reached XP level 7. HP: 55/57 MP: 10/10
  6827 | Temple   | Entered the Ecumenical Temple
  6858 | Temple   | Became a worshipper of Cheibriados the Contemplative
  6905 | D:5      | Entered Level 5 of the Dungeon
  6946 | D:5      | Reached skill level 7 in Transmutations
  6960 | D:5      | Reached XP level 8. HP: 56/64 MP: 11/11
  7211 | D:5      | Learned a level 5 spell: Blade Hands
  7449 | D:5      | Reached * piety under Cheibriados
  7501 | D:6      | HP: 1/64 [orc wizard/dagger (3)]
  7502 | D:6      | Killed from afar by an orc wizard

Vault maps used:
D:1:      dpeg_arrival_boxes_within_box
D:2:      first_bread, trog_three_pillars_becter, uniq_terence
D:3:      portal_sewer_entry_a, chequers_ecumenical_altar_lobes, uniq_robin,
          uniq_natasha, uniq_jessica
D:4:      minmay_temple_entry_statues, enter_ossuary_3
D:6:      uniq_crazy_yiuf_cottage, uniq_sigmund, uniq_edmund
Temple:   grunt_wide_crystal_templ
Ossuary:  ossuary_minmay_tomb_2a

Skill      XL: |  1  2  3  4  5  6  7 |
---------------+----------------------+-----
Transmutations | 3 4 5 6 7 |  7.8
Shields        | 2 3 4 |  4.9
Fighting       | |  1.0
Dodging        | |  1.5
Unarmed Combat | |  3.0
Spellcasting   | |  2.0

Action                   |  1- 3 |  4- 6 |  7- 9 || total
-------------------------+-------+-------+-------++-------
Melee: Unarmed           |   114 |    24 |       ||   138
       Headbutt          |     1 |     1 |       ||     2
       Short sword       |       |   161 |   148 ||   309
 Cast: Beastly Appendage |     5 |     2 |       ||     7
       Sticks to Snakes  |       |     2 |       ||     2
 Abil: Spit Poison       |    21 |     4 |     6 ||    31
Evoke: Wand              |       |       |     4 ||     4
  Use: Potion            |       |     7 |     8 ||    15
       Scroll            |       |       |     2 ||     2
 Stab: Sleeping          |       |     1 |     1 ||     2
       Distracted        |       |     2 |       ||     2
  Eat: Chunk             |     3 |     7 |     6 ||    16
       Royal jelly       |     1 |       |       ||     1
Armor: Robe              |    17 |    41 |    31 ||    89
       Skin              |       |    12 |    43 ||    55
Dodge: Dodged            |    50 |    81 |    72 ||   203
Block: Buckler           |     8 |    50 |    71 ||   129

Table legend:
 A = Spawn XP
 B = Non-spawn XP
 C = Spawn XP percentage of total XP
 D = Spawn monster count
 E = Non-spawn monster count
 F = Spawn count percentage of total count
 G = Total turns spent on level
                    A         B        C        D         E        F      G
               +---------+---------+-------+---------+---------+-------+---------
         Total |       0 |    1653 |   0.0 |       0 |     146 |   0.0 |  7502
               +---------+---------+-------+---------+---------+-------+---------
           D:1 |       0 |      40 |   0.0 |       0 |      22 |   0.0 |  1610
           D:2 |       0 |      91 |   0.0 |       0 |      20 |   0.0 |  1794
           D:3 |       0 |     258 |   0.0 |       0 |      43 |   0.0 |  1664
           D:4 |       0 |     385 |   0.0 |       0 |      23 |   0.0 |  1284
           D:5 |       0 |     575 |   0.0 |       0 |      19 |   0.0 |   569
           D:6 |       0 |      94 |   0.0 |       0 |       3 |   0.0 |    28
       Ossuary |       0 |     210 |   0.0 |       0 |      16 |   0.0 |   504
               +---------+---------+-------+---------+---------+-------+---------
